 Dungeon Crawl Stone Soup version 0.21-a0-471-gd587bd5 (webtiles) character file.

44 theanonym the Sneak (level 3, -2/18 HPs)
             Began as a Vine Stalker Assassin on Nov 21, 2017.
             Slain by a hound (3 damage)
             ... on level 2 of the Dungeon.
             The game lasted 00:02:19 (1419 turns).

theanonym the Sneak (Vine Stalker Assassin)         Turns: 1419, Time: 00:02:20

Health: -2/18      AC:  4    Str: 14    XL:     3   Next: 62%
Magic:  0/4        EV: 11    Int: 11    God:
Gold:   47         SH:  0    Dex: 15    Spells: 2/2 levels left

rFire    . . .     SeeInvis .   o - +0 dagger (freeze)
rCold    . . .     Gourm    .   (no shield)
rNeg     . . .     Faith    .   c - +0 robe
rPois    .         Spirit   +   (no helmet)
rElec    .         Reflect  .   d - +0 cloak
rCorr    .         Harm     .   (no gloves)
MR       .....                  l - +0 pair of boots
Stlth    +++.......             (no amulet)
HPRegen  0.06/turn              (no ring)
MPRegen  0.09/turn              (no ring)

@: no status effects
A: fangs 2, magic shield, antimagic bite, no potion heal 3, rot immunity
a: no special abilities


Innate Abilities, Weirdness & Mutations

You have extremely sharp teeth.
When hurt, damage is shared between your health and your magic reserves.
Your bite disrupts and absorbs the magic of your enemies.
Potions cannot restore your health.
You are immune to rotting.


   Skills:
 - Level 1.7 Fighting
 + Level 3.3 Short Blades
 - Level 1.7 Throwing
 - Level 0.7 Dodging
 - Level 5.1 Stealth


You had 2 spell levels left.
You didn't know any spells.

Skill      XL: |  1  2  3 |
---------------+----------+-----
Stealth        | 5 |  5.1
Short Blades   | 2 3 |  3.3
Fighting       | |  1.7
Throwing       | |  1.7
Dodging        | |  0.7

Action                   || total
-------------------------++-------
Melee: Dagger            ||    97
       Bite              ||    28
 Stab: Sleeping          ||     9
  Eat: Chunk             ||     1
Armor: Robe              ||    16
Dodge: Dodged            ||    27

Inventory:

Hand Weapons
 a - a +2 dagger
 b - a +0 blowgun
 i - a +0 short sword
   (You took it off a kobold on level 1 of the Dungeon)
 o - a +0 dagger of freezing (weapon)
   (You took it off a goblin on level 1 of the Dungeon)
Missiles
 e - 8 poisoned needles
 f - 2 curare-tipped needles
Armour
 c - a +0 robe (worn)
 d - a +0 cloak (worn)
 l - a +0 pair of boots (worn)
   (You found it on level 1 of the Dungeon)
Scrolls
 h - 3 scrolls of identify {unknown}
 k - 2 scrolls of teleportation {unknown}
 u - a scroll of remove curse {unknown}
Potions
 n - a potion of agility {unknown}
 p - a potion of might {unknown}
 q - a potion of flight {unknown}
 r - a potion of cancellation {unknown}
 s - a potion of curing {unknown}
Comestibles
 g - 2 bread rations
 j - 3 chunks of flesh
 m - a meat ration
 t - a royal jelly

Dungeon Overview and Level Annotations

Branches:
Dungeon (2/15)

Altars:
Makhleb


You were on level 2 of the Dungeon.
You were hungry.

You visited 1 branch of the dungeon, and saw 2 of its levels.

You collected 47 gold pieces.


Message History

Found a stone staircase leading down.
A kobold comes into view. It is wielding a dagger.
MP restored: 4 A kobold is nearby!
A kobold is nearby!
A kobold is nearby!
A kobold is nearby!
Found a war axe.
There is an open door here.
A kobold comes into view.
Found a scroll labeled XIMET JAEBAT.
The kobold shouts!
You hit the kobold but do no damage. Your bite misses the kobold.
The kobold barely misses you.
You hit the kobold. You freeze the kobold.
You kill the kobold!
The kobold hits you.
You see here a dagger.
You take 1 damage, and have 16/18 hp.
You now have 3/4 mp.
You hit the kobold but do no damage. Your bite misses the kobold.
You barely miss the kobold. Your bite misses the kobold.
The kobold closely misses you.
You barely miss the kobold. Your bite misses the kobold. The kobold hits you.
You now have 2/4 mp.
You closely miss the kobold. Your bite misses the kobold.
The kobold barely misses you.
You barely miss the kobold. You bite the kobold. You drain its power.
You feel invigorated.
You kill the kobold!
MP restored: 4 No target in view!
No target in view!
No target in view!
You start resting.
Health restored: 18
Found 30 sling bullets.
h - 3 scrolls labeled XIMET JAEBAT (gained 1)
An adder comes into view.
An adder is nearby!
An adder is nearby!
An adder is nearby!
Found 13 gold pieces.
The adder hisses angrily.
You hit the adder. You freeze the adder. Your bite misses the adder.
You hit the adder. You freeze the adder. You bite the adder.
You drain its power.
You kill the adder!
No target in view!
No target in view!
Unknown command.
A hound comes into view.
You are feeling hungry.
Found a burning altar of Makhleb.
A hound is nearby!
Found 22 stones.
The hound barks!
The hound bites you. The hound bites you but does no damage.
You take 1 damage, and have 17/18 hp.
You barely miss the hound. Your bite misses the hound.
The hound bites you but does no damage.
You completely miss the hound. The hound bites you but does no damage.
You hit the hound but do no damage. Your bite misses the hound.
The hound bites you. The hound bites you but does no damage.
You take 1 damage, and have 16/18 hp.
You now have 3/4 mp.
You closely miss the hound. Your bite misses the hound. The hound bites you.
You take 1 damage, and have 15/18 hp.
You hit the hound. You freeze the hound. You bite the hound.
You drain its power.
You feel invigorated. The hound misses you.
MP restored: 4 You hit the hound.
You freeze the hound. The hound completely misses you.
You barely miss the hound. The hound bites you.
You take 2 damage, and have 13/18 hp.
You now have 3/4 mp.
You closely miss the hound. You bite the hound. You drain its power.
You feel invigorated. The hound barely misses you.
The hound bites you but does no damage.
MP restored: 4 You barely miss the hound.
The hound barely misses you.
You closely miss the hound. The hound barely misses you.
You closely miss the hound. The hound bites you.
* * * LOW HITPOINT WARNING * * *
You take 4 damage, and have 9/18 hp.
MASSIVE DAMAGE!!
You now have 2/4 mp.
You are too injured to fight recklessly!
You are too injured to fight recklessly!
You are too injured to fight recklessly!
You are too injured to fight recklessly!
You hit the hound. You freeze the hound. Your bite misses the hound.
The hound bites you.
* * * LOW MAGIC WARNING * * *;
* * * LOW HITPOINT WARNING * * *
The hound bites you.
* * * LOW HITPOINT WARNING * * *
You take 4 damage, and have 5/18 hp.
MASSIVE DAMAGE!!
You now have 1/4 mp.
You hit the hound but do no damage. Your bite misses the hound.
The hound closely misses you.
You hit the hound. You freeze the hound. The hound bites you.
* * * LOW MAGIC WARNING * * *;
* * * LOW HITPOINT WARNING * * *
You take 4 damage, and have 1/18 hp.
MASSIVE DAMAGE!!
You now have 0/4 mp.
You hit the hound but do no damage. Your bite misses the hound.
The hound barely misses you.
You hit the hound. You freeze the hound. The hound bites you.
You die...

### #### ....
#.#∩###.....#
#.._.( .....#
#...h##.....#
+##..@#......#
+............
...#
#.#.....$.###
.(.#
#..#.....##
...#
##.#.....#
...# #(......#
...# ##......#
...# #......#
...# #..#####
#


You could see a hound.

Notes
Turn   | Place    | Note
-------+----------+-------------------------------------------
     0 | D:1      | theanonym the Vine Stalker Assassin began the quest for the Orb.
     0 | D:1      | Reached XP level 1. HP: 11/11 MP: 2/2
    16 | D:1      | Reached skill level 5 in Stealth
    19 | D:1      | Reached skill level 2 in Short Blades
   192 | D:1      | Reached XP level 2. HP: 11/15 MP: 1/3
   278 | D:1      | HP: 4/15 [hobgoblin/club (4)]
   668 | D:1      | Reached XP level 3. HP: 16/18 MP: 4/4
   914 | D:1      | HP: 9/18 [hobgoblin/club (3)]
   918 | D:1      | HP: 4/18 [hobgoblin/club (4)]
   919 | D:1      | HP: 1/18 [hobgoblin/club (3)]
  1204 | D:1      | Reached skill level 3 in Short Blades
  1398 | D:2      | Found a burning altar of Makhleb.
  1414 | D:2      | HP: 9/18 [hound (4)]
  1417 | D:2      | HP: 1/18 [hound (4)]
  1419 | D:2      | Slain by a hound

Vanquished Creatures
  An adder (D:2)
  2 giant cockroaches
  8 goblins
  7 hobgoblins (D:1)
  8 kobolds
  3 bats (D:1)
  3 rats
32 creatures vanquished.
